Match 47390941
Unlisted

Match 47390941
End
Selects Italian Combined Arms Battlegroup
Selects Bersaglieri Squad
Bersaglieri Squad
250 Light Carrier
Bersaglieri Squad
Construct Light Support Kompanie
Selects Bersaglieri Bolster
Bersaglieri Squad
2.5-tonne Medical Truck
Panzerjäger Mechanized Group
Combat Half-tracks
MG34 Team
Selects Breda Model 30 Light Machine Guns
Construct Mechanized Kompanie
254 Reconnaissance Tractor
Marder III Tank Destroyer
Construct Panzerarmee Kommand
Selects Semovente da 75/18 Assault Gun
Selects Strafing Run
Strafing Run
Panzer III L Medium Tank
Selects Artillery Cover
Rapid Advance
Strafing Run
Panzer III L Medium Tank
Strafing Run
Emergency Repair Kits
Panzerpioneer Squad
Selects Artillery Cover
Artillery Cover
Panzer III L Medium Tank
Panzer III L Medium Tank
Strafing Run
Strafing Run
Marder III Tank Destroyer
Marder III Tank Destroyer
Strafing Run
Artillery Cover
Jason_Beebe
High Voltage
MY BIG FAT ORK WEDDING
Deutsche Eiche
Weebanori
iPlayThisNaked
Carecup
Commander Z
0
0

Comments sign in to comment!

No comments posted yet!